 Dungeon Crawl Stone Soup version 0.28.0-53-g5a82cb258f (webtiles) character file.

Game seed: 8905145826978021887

272 Sin92 the Skirmisher (level 6, 0/48 HPs)
             Began as a Demonspawn Fighter on June 2, 2022.
             Slain by Edmund
             ... wielding a +1 vorpal dire flail
              (7 damage)
             ... on level 4 of the Dungeon.
             The game lasted 00:02:25 (3153 turns).

Sin92 the Skirmisher (Demonspawn Fighter)           Turns: 3153, Time: 00:02:25

Health: 0/48       AC:  6    Str: 18    XL:     6   Next: 2%
Magic:  6/6        EV:  9    Int: 10    God:
Gold:   71         SH:  4    Dex: 12    Spells: 5/5 levels left

rFire   . . .      SeeInvis .   a - +0 war axe
rCold   . . .      Faith    .   c - +0 buckler
rNeg    . . .      Spirit   .   b - +0 scale mail
rPois   .          Reflect  .   (no helmet)
rElec   .          Harm     .   (no cloak)
rCorr   .          Rampage  .   (no gloves)
Will    .....                   (no boots)
Stlth   ..........              (no amulet)
HPRegen 0.16/turn               (no ring)
MPRegen 0.10/turn               (no ring)

@: no status effects
A: powered by death 1, powered by pain 2
a: no special abilities


You were on level 4 of the Dungeon.
You visited 1 branch of the dungeon, and saw 4 of its levels.

You collected 71 gold pieces.

Inventory:

Hand Weapons
 a - a +0 war axe (weapon)
Armour
 b - a +0 scale mail (worn)
 c - a +0 buckler (worn)
Wands
 h - a wand of iceblast (8)
Scrolls
 e - 2 scrolls of identify {unknown}
 f - a scroll of blinking {unknown}
 g - 2 scrolls of noise {unknown}
 i - a scroll of teleportation {unknown}
 j - a scroll of enchant armour {unknown}
Potions
 d - a potion of curing {unknown}
 k - a potion of mutation {unknown}
 l - a potion of ambrosia {unknown}


   Skills:
 + Level 4.0 Fighting
 + Level 3.0 Axes
 + Level 3.5 Armour
 + Level 2.1 Dodging
 + Level 3.7 Shields


You had 5 spell levels left.
You didn't know any spells.
Your spell library was empty.

Dungeon Overview and Level Annotations

Branches:
Dungeon (4/15)
 Temple: D:4-7

Altars:
Ru

Annotations:
D:4 Edmund


Innate Abilities, Weirdness & Mutations

You regenerate a little health from kills.
You sometimes gain power by taking damage.


Message History

The gnoll is almost dead.
You completely miss the gnoll. The gnoll hits you with a +0 club!
The gnoll hits you with a +0 whip.
The gnoll hits you from afar with a +0 spear.
The gnoll sergeant hits you from afar with a +0 spear.
The gnoll hits you but does no damage.
There are monsters nearby!
You closely miss the gnoll.
The gnoll is almost dead.
You completely miss the hound. You closely miss the gnoll.
You block the hound's attack.
The gnoll hits you from afar with a +0 spear.
You block the gnoll's attack.
The gnoll sergeant hits you from afar with a +0 spear.
The gnoll hits you with a +0 whip. The hound bites you.
There are monsters nearby!
You are too injured to fight recklessly!
There are monsters nearby!
Unknown command.
You are too injured to fight recklessly!
There are monsters nearby!
Unknown command.
You are too injured to fight recklessly!
The hound bites you. The hound barely misses you. The hound bites you.
The hound closely misses you.
Edmund the Younger comes into view.
He is wielding a +1 vorpal dire flail.
The hound bites you. The hound barely misses you.
Edmund says, "A flail is better than a scythe, any day of the week!"
Edmund hits you with a +1 vorpal dire flail!
* * * LOW HITPOINT WARNING * * *
x2 The hound barely misses you.
The hound bites you.
* * * LOW HITPOINT WARNING * * *
There is a stone staircase leading up here.
The hound barely misses you.
Edmund hits you with a +1 vorpal dire flail!
You die...

#...#.....#...#..g.......
######.....###'#....gg....
................gg#g####'##
...............gg.#.......#
..................#.......#
..................+.......#
..................#.......#
............g.....#.......#
..........@h........###..##
##########@...########..#
#....# #.....# #....#
#.....# #....# #######
######


You could see Edmund, a gnoll sergeant, a hound and 4 gnolls.

Vanquished Creatures
  Grinder (D:4)
  4 adders
  A dart slug (D:1)
  4 bats
  4 endoplasms
  A giant cockroach (D:2)
  3 goblins
  9 hobgoblins
  5 kobolds
  2 quokkas (D:2)
  5 ball pythons
  5 frilled lizards
  5 rats
49 creatures vanquished.

Notes
Turn   | Place    | Note
-------+----------+-------------------------------------------
     0 | D:1      | Sin92 the Demonspawn Fighter began the quest for the Orb.
     0 | D:1      | Reached XP level 1. HP: 18/18 MP: 1/1
   407 | D:1      | Gained mutation: You sometimes gain a little power by
                  | taking damage. [demonic ancestry]
   407 | D:1      | Reached XP level 2. HP: 19/24 MP: 2/2
   474 | D:1      | Found a faded altar of an unknown god.
   568 | D:1      | You fall into a shaft and drop 1 floor!
   820 | D:2      | Reached skill level 1 in Dodging
   820 | D:2      | Gained mutation: You sometimes gain power by taking damage.
                  | [demonic ancestry]
   820 | D:2      | Reached XP level 3. HP: 29/29 MP: 3/3
  2144 | D:3      | Reached XP level 4. HP: 27/35 MP: 4/4
  2634 | D:3      | Found a sacrificial altar of Ru.
  2820 | D:4      | Noticed Grinder
  2824 | D:4      | Paralysed by Grinder for 2 turns
  2833 | D:4      | Killed Grinder
  2834 | D:4      | Reached skill level 4 in Fighting
  2834 | D:4      | Gained mutation: You regenerate a little health from kills.
                  | [demonic ancestry]
  2834 | D:4      | Reached XP level 5. HP: 10/42 MP: 5/5
  2834 | D:4      | Reached XP level 6. HP: 12/48 MP: 6/6
  3146 | D:4      | Noticed Edmund
  3153 | D:4      | Slain by Edmund

Illustrated notes

Levels and vault maps discovered:
D:1:      roderic_octagonal_star, layout_basic, serial_shops, shop,
          shapermc_ecumenical_altar_starsandcircs
D:2:      layout_basic, kennysheep_pointless_box, lemuel_another_geyser
D:3:      layout_basic, nicolae_ru_the_path_less_chosen
D:4:      layout_gridville, mainiacjoe_overflow_catwalk, temple_green,
          uniq_edmund, uniq_grinder

Skill      XL: |  1  2  3  4 |
---------------+-------------+-----
Axes           | 2 3 |  3.0
Armour         | 3 |  3.5
Dodging        | 1 2 |  2.1
Shields        | 3 |  3.7
Fighting       | 4 |  4.0

Action                   |  1- 3 |  4- 6 || total
-------------------------+-------+-------++-------
Melee: War axe           |   136 |    19 ||   155
  Use: Potion            |       |     1 ||     1
Armor: Scale mail        |    85 |     3 ||    88
Dodge: Dodged            |    68 |    17 ||    85
Block: Buckler           |    38 |     7 ||    45
